TOP OF THE 1ST |
Detroit Tigers batting - Pitching for Kansas City Royals : RHP Chris Irvin
|
Pitching: RHP Chris Irvin
|
|
Batting: RHB Greg Harman
|
0-0: Foul Ball, location: 2F 0-1: Ball 1-1: Swinging Strike 1-2: Ball 2-2: Foul Ball, location: 2F 2-2: Ball 3-2: Ground out 6-3 (Groundball, 6MS, EV 83.8 MPH)
|
Batting: SHB Ross Holland
|
0-0: Ball 1-0: SINGLE (Line Drive, 78S, EV 89.4 MPH)
|
Batting: RHB Victor Quinones
|
0-0: Ball 1-0: Foul Ball, location: 2F 1-1: Foul Ball, location: 2F 1-2: Strikes out swinging
|
Batting: RHB Ryan Neal
|
0-0: Called Strike Ross Holland is caught stealing 2nd base 2-4
|
Top of the 1st over - 0 runs, 1 hit, 0 errors, 0 left on base; Detroit 0 - Kansas City 0 |
BOTTOM OF THE 1ST |
Kansas City Royals batting - Pitching for Detroit Tigers : LHP Momosuke Sato
|
Pitching: LHP Momosuke Sato
|
|
Batting: RHB Imbart Faber
|
0-0: SINGLE (Line Drive, 78S, EV 101.2 MPH)
|
Batting: RHB Bob Najar
|
0-0: Called Strike Imbart Faber steals 2nd, throwing error, E2 Imbart Faber to third 0-1: Ball 1-1: Foul Ball, location: 2F 1-2: Strikes out swinging
|
Batting: RHB Mike Jaquez
|
0-0: Ball 1-0: Ball 2-0: Called Strike 2-1: Foul Ball, location: 2F 2-2: Hit by Pitch
|
Batting: SHB Gil Switzer
|
0-0: Called Strike Mike Jaquez steals 2nd base 0-1: Ground out 5-3 (Groundball, 56S, EV 83.1 MPH) Imbart Faber scores
|
Batting: RHB Mikolas Markus
|
0-0: Ball 1-0: SINGLE (Groundball, 56D, EV 103.8 MPH) Mike Jaquez to third
|
Batting: RHB Aaron Matthews
|
0-0: Ball 1-0: Swinging Strike 1-1: Ground out 4-3 (Groundball, 4, EV 95.6 MPH)
|
Bottom of the 1st over - 1 run, 2 hits, 1 error, 2 left on base; Detroit 0 - Kansas City 1 |
TOP OF THE 2ND |
Detroit Tigers batting - Pitching for Kansas City Royals : RHP Chris Irvin
|
Batting: RHB Ryan Neal
|
0-0: Fly out, F8 (Flyball, 8RD, EV 91.2 MPH)
|
Batting: RHB Jim Zucco
|
0-0: Ball 1-0: Ball 2-0: Ball 3-0: Called Strike 3-1: Base on Balls
|
Batting: LHB Emmanuel Gaskin
|
0-0: Ball 1-0: Foul Ball, location: 2F 1-1: Swinging Strike 1-2: Strikes out swinging
|
Batting: LHB Conrad Taylor
|
0-0: Called Strike 0-1: Foul Ball, location: 2F 0-2: Strikes out swinging
|
Top of the 2nd over - 0 runs, 0 hits, 0 errors, 1 left on base; Detroit 0 - Kansas City 1 |
BOTTOM OF THE 2ND |
Kansas City Royals batting - Pitching for Detroit Tigers : LHP Momosuke Sato
|
Batting: LHB Sam Britt
|
0-0: Ball 1-0: Foul Ball, location: 2F 1-1: Foul Ball, location: 2F 1-2: Strikes out swinging
|
Batting: LHB Manny Estrada
|
0-0: Fly out, F8 (Flyball, 8LXD, EV 101.9 MPH)
|
Batting: LHB Zion Davidson
|
0-0: SINGLE (Groundball, 6MD, EV 102.5 MPH)
|
Batting: RHB Imbart Faber
|
0-0: Called Strike 0-1: Ball Wild Pitch! Zion Davidson to second 1-1: Called Strike 1-2: Foul Ball, location: 2F 1-2: Ground out 1-3 (Groundball, 34S, EV 72.5 MPH)
|
Bottom of the 2nd over - 0 runs, 1 hit, 0 errors, 1 left on base; Detroit 0 - Kansas City 1 |
TOP OF THE 3RD |
Detroit Tigers batting - Pitching for Kansas City Royals : RHP Chris Irvin
|
Batting: RHB Dave Reynolds
|
0-0: Foul Ball, location: 2F 0-1: Foul Ball, location: 2F 0-2: Foul Ball, location: 2F 0-2: Strikes out swinging
|
Batting: LHB Bill Ford
|
0-0: Fly out, F8 (Flyball, 8LS, EV 78.8 MPH)
|
Batting: RHB Greg Harman
|
0-0: SINGLE (Groundball, 56D, EV 110.0 MPH)
|
Batting: SHB Ross Holland
|
0-0: Ball 1-0: Foul Ball, location: 2F 1-1: SINGLE (Groundball, 34D, EV 100.0 MPH) Greg Harman to second Runner from 2nd tries for 3rd, SAFE, throw by RF made to third Ross Holland to second
|
Batting: RHB Victor Quinones
|
0-0: Called Strike 0-1: Ball 1-1: Called Strike 1-2: Strikes out swinging
|
Top of the 3rd over - 0 runs, 2 hits, 0 errors, 2 left on base; Detroit 0 - Kansas City 1 |
BOTTOM OF THE 3RD |
Kansas City Royals batting - Pitching for Detroit Tigers : LHP Momosuke Sato
|
Batting: RHB Bob Najar
|
0-0: Called Strike 0-1: Ground out 4-3 (Groundball, 4, EV 103.8 MPH)
|
Batting: RHB Mike Jaquez
|
0-0: Ball 1-0: Ball 2-0: Ground out U3 (Groundball, 34S, EV 70.6 MPH)
|
Batting: SHB Gil Switzer
|
0-0: Foul Ball, location: 2F 0-1: Foul Ball, location: 2F 0-2: Ball 1-2: Ball 2-2: Reached on error, E4 (Groundball, 4M, EV 104.4 MPH)
|
Batting: RHB Mikolas Markus
|
0-0: Ball 1-0: Called Strike 1-1: Ball 2-1: Ball 3-1: Swinging Strike 3-2: Base on Balls Gil Switzer to second
|
Batting: RHB Aaron Matthews
|
0-0: TRIPLE (Flyball, 9LD, EV 101.9 MPH) Gil Switzer scores Mikolas Markus scores
|
Batting: LHB Sam Britt
|
0-0: Ball 1-0: Called Strike 1-1: Ball 2-1: Ball 3-1: Fly out, F5 (Popup, 56S, EV 68.8 MPH)
|
Bottom of the 3rd over - 2 runs, 1 hit, 1 error, 1 left on base; Detroit 0 - Kansas City 3 |
TOP OF THE 4TH |
Detroit Tigers batting - Pitching for Kansas City Royals : RHP Chris Irvin
|
Batting: RHB Ryan Neal
|
0-0: Ball 1-0: Ball 2-0: Ground out 5-3 (Groundball, 5, EV 90.0 MPH)
|
Batting: RHB Jim Zucco
|
0-0: Hit by Pitch
|
Batting: LHB Emmanuel Gaskin
|
0-0: Ball 1-0: Foul Ball, location: 2F 1-1: Ball 2-1: Grounds into double play, 6-4-3 (Groundball, 6, EV 86.9 MPH)
|
Top of the 4th over - 0 runs, 0 hits, 0 errors, 0 left on base; Detroit 0 - Kansas City 3 |
BOTTOM OF THE 4TH |
Kansas City Royals batting - Pitching for Detroit Tigers : LHP Momosuke Sato
|
Batting: LHB Manny Estrada
|
0-0: Foul Ball, location: 2F 0-1: Ball 1-1: Ball 2-1: Called Strike 2-2: Ball 3-2: Ground out 5-3 (Groundball, 56, EV 100.0 MPH)
|
Batting: LHB Zion Davidson
|
0-0: Ball 1-0: Ball 2-0: Foul Ball, location: 2F 2-1: Called Strike 2-2: Ball 3-2: Strikes out swinging
|
Batting: RHB Imbart Faber
|
0-0: Fly out, F8 (Line Drive, 8RD, EV 86.9 MPH)
|
Bottom of the 4th over - 0 runs, 0 hits, 0 errors, 0 left on base; Detroit 0 - Kansas City 3 |
TOP OF THE 5TH |
Detroit Tigers batting - Pitching for Kansas City Royals : RHP Chris Irvin
|
Batting: LHB Conrad Taylor
|
0-0: Called Strike 0-1: Called Strike 0-2: Ball 1-2: Strikes out swinging
|
Batting: RHB Dave Reynolds
|
0-0: Ball 1-0: Foul Ball, location: 2F 1-1: SINGLE (Groundball, 34D, EV 94.4 MPH)
|
Batting: LHB Bill Ford
|
0-0: Ball 1-0: Fly out, F9 (Line Drive, 9, EV 103.1 MPH)
|
Batting: RHB Greg Harman
|
0-0: Called Strike 0-1: Ball 1-1: Swinging Strike 1-2: Strikes out looking
|
Top of the 5th over - 0 runs, 1 hit, 0 errors, 1 left on base; Detroit 0 - Kansas City 3 |
BOTTOM OF THE 5TH |
Kansas City Royals batting - Pitching for Detroit Tigers : LHP Momosuke Sato
|
Batting: RHB Bob Najar
|
0-0: SINGLE (Line Drive, 34D, EV 96.9 MPH)
|
Batting: RHB Mike Jaquez
|
0-0: Ball 1-0: Fly out, F8 (Flyball, 89M, EV 90.6 MPH)
|
Batting: SHB Gil Switzer
|
0-0: Ball Bob Najar is caught stealing 2nd base 2-4 1-0: Ball 2-0: Ball 3-0: Called Strike 3-1: Base on Balls
|
Batting: RHB Mikolas Markus
|
0-0: Foul Ball, location: 2F 0-1: Ball 1-1: Ball 2-1: Foul Ball, location: 2F 2-2: Strikes out looking
|
Bottom of the 5th over - 0 runs, 1 hit, 0 errors, 1 left on base; Detroit 0 - Kansas City 3 |
TOP OF THE 6TH |
Detroit Tigers batting - Pitching for Kansas City Royals : RHP Chris Irvin
|
Batting: SHB Ross Holland
|
0-0: Called Strike 0-1: Ground out 6-3 (Groundball, 6M, EV 103.1 MPH)
|
Batting: RHB Victor Quinones
|
0-0: Ball 1-0: Swinging Strike 1-1: Swinging Strike 1-2: Foul Ball, location: 2F 1-2: Ball 2-2: Fly out, F7 (Flyball, 78M, EV 94.4 MPH)
|
Batting: RHB Ryan Neal
|
0-0: Ball 1-0: Swinging Strike 1-1: Swinging Strike 1-2: Foul Ball, location: 2F 1-2: Ball 2-2: Foul Ball, location: 2F 2-2: Strikes out swinging
|
Top of the 6th over - 0 runs, 0 hits, 0 errors, 0 left on base; Detroit 0 - Kansas City 3 |
BOTTOM OF THE 6TH |
Kansas City Royals batting - Pitching for Detroit Tigers : LHP Momosuke Sato
|
Batting: RHB Aaron Matthews
|
0-0: Ball 1-0: Ball 2-0: Ball 3-0: Called Strike 3-1: Foul Ball, location: 2F 3-2: Foul Ball, location: 2F 3-2: Foul Ball, location: 2F 3-2: Base on Balls
|
Batting: LHB Sam Britt
|
0-0: Ball 1-0: Foul Ball, location: 2F 1-1: Foul Ball, location: 2F 1-2: SINGLE (Groundball, 56D, EV 108.8 MPH) Aaron Matthews to second Runner from 2nd tries for 3rd, SAFE, throw by LF made to third Sam Britt to second
|
Batting: LHB Manny Estrada
|
0-0: Ball 1-0: Ball 2-0: Ball 3-0: Base on Balls
|
Batting: LHB Zion Davidson
|
0-0: Ball 1-0: Ball 2-0: Called Strike 2-1: Foul Ball, location: 2F 2-2: Grounds into fielders choice 4-2 (Groundball, 13, EV 81.2 MPH) Sam Britt to third Manny Estrada to second
|
Batting: RHB Imbart Faber
|
0-0: Ball 1-0: DOUBLE (Groundball, 5L, EV 95.6 MPH) Sam Britt scores Manny Estrada scores Zion Davidson to third
|
Batting: RHB Bob Najar
|
0-0: Called Strike 0-1: Ball 1-1: Ball 2-1: Foul Ball, location: 2F 2-2: Ground out 4-3 (Groundball, 4, EV 101.9 MPH) Zion Davidson scores Imbart Faber to third
|
Batting: RHB Mike Jaquez
|
0-0: Ball 1-0: Ball 2-0: Ball 3-0: Called Strike 3-1: Base on Balls
|
Pitching: RHP Franz Holzknecht
|
|
Batting: SHB Gil Switzer
|
0-0: Ground out U3 (Groundball, 3L, EV 86.2 MPH)
|
Bottom of the 6th over - 3 runs, 2 hits, 0 errors, 2 left on base; Detroit 0 - Kansas City 6 |
TOP OF THE 7TH |
Detroit Tigers batting - Pitching for Kansas City Royals : RHP Chris Irvin
|
Batting: RHB Jim Zucco
|
0-0: Foul Ball, location: 2F 0-1: Ball 1-1: Foul Ball, location: 2F 1-2: Foul Ball, location: 2F 1-2: Strikes out swinging
|
Batting: LHB Emmanuel Gaskin
|
0-0: Ball 1-0: Ball 2-0: Fly out, F5 (Flyball, 5D, EV 84.4 MPH)
|
Batting: LHB Conrad Taylor
|
0-0: Called Strike 0-1: Ground out 5-3 (Groundball, 5, EV 106.9 MPH)
|
Top of the 7th over - 0 runs, 0 hits, 0 errors, 0 left on base; Detroit 0 - Kansas City 6 |
BOTTOM OF THE 7TH |
Kansas City Royals batting - Pitching for Detroit Tigers : RHP Franz Holzknecht
|
Batting: RHB Mikolas Markus
|
0-0: Fly out, F7 (Line Drive, 78D, EV 101.9 MPH)
|
Batting: RHB Aaron Matthews
|
0-0: Ball 1-0: Ground out 1-3 (Groundball, 15S, EV 70.0 MPH)
|
Batting: LHB Sam Britt
|
0-0: Called Strike 0-1: Ball 1-1: Called Strike 1-2: Ball 2-2: Ground out 4-3 (Groundball, 4, EV 105.0 MPH)
|
Bottom of the 7th over - 0 runs, 0 hits, 0 errors, 0 left on base; Detroit 0 - Kansas City 6 |
TOP OF THE 8TH |
Detroit Tigers batting - Pitching for Kansas City Royals : RHP Chris Irvin
|
Batting: RHB Dave Reynolds
|
0-0: Called Strike 0-1: Ball 1-1: Ball 2-1: Ground out 5-3 (Groundball, 15, EV 93.1 MPH)
|
Batting: LHB Bill Ford
|
0-0: Called Strike 0-1: Foul Ball, location: 2F 0-2: Ball 1-2: DOUBLE (Line Drive, 9LM, EV 110.0 MPH)
|
Batting: RHB Greg Harman
|
0-0: Ball 1-0: Swinging Strike 1-1: Foul Ball, location: 2F 1-2: Ball 2-2: Fly out, F9 (Line Drive, 9LM, EV 107.5 MPH)
|
Batting: SHB Ross Holland
|
0-0: Called Strike 0-1: Ball 1-1: Fly out, F7 (Flyball, 7S, EV 80.0 MPH)
|
Top of the 8th over - 0 runs, 1 hit, 0 errors, 1 left on base; Detroit 0 - Kansas City 6 |
BOTTOM OF THE 8TH |
Kansas City Royals batting - Pitching for Detroit Tigers : RHP Franz Holzknecht
|
Batting: LHB Manny Estrada
|
0-0: Ball 1-0: Called Strike 1-1: Ball 2-1: Ball 3-1: Foul Ball, location: 2F 3-2: Foul Ball, location: 2F 3-2: Foul Ball, location: 2F 3-2: Base on Balls
|
Batting: LHB Zion Davidson
|
0-0: Ball 1-0: Foul Ball, location: 2F 1-1: Foul Ball, location: 2F 1-2: Strikes out looking
|
Batting: RHB Imbart Faber
|
0-0: Ball 1-0: Foul Ball, location: 2F 1-1: Ground out 5-3 (Groundball, 56S, EV 63.8 MPH) Manny Estrada to second
|
Batting: RHB Bob Najar
|
0-0: Fly out, F9 (Flyball, 89M, EV 90.0 MPH)
|
Bottom of the 8th over - 0 runs, 0 hits, 0 errors, 1 left on base; Detroit 0 - Kansas City 6 |
TOP OF THE 9TH |
Detroit Tigers batting - Pitching for Kansas City Royals : RHP Chris Irvin
|
Batting: RHB Victor Quinones
|
0-0: Ball 1-0: Ball 2-0: Swinging Strike 2-1: Ball 3-1: Base on Balls
|
Pitching: RHP Bryan Boykin
|
|
Batting: RHB Ryan Neal
|
0-0: Ball 1-0: Called Strike 1-1: Ball 2-1: Foul Ball, location: 2F 2-2: Foul Ball, location: 2F 2-2: Foul Ball, location: 2F 2-2: SINGLE (Line Drive, 4D, EV 101.2 MPH) Victor Quinones to second
|
Batting: RHB Jim Zucco
|
0-0: Ball 1-0: Foul Ball, location: 2F 1-1: Foul Ball, location: 2F 1-2: Ball 2-2: Foul Ball, location: 2F 2-2: Grounds into double play, U5-3 (Groundball, 5L, EV 88.1 MPH) Ryan Neal to second
|
Batting: LHB Emmanuel Gaskin
|
0-0: Ball 1-0: Ball 2-0: Ball 3-0: Base on Balls
|
Batting: LHB Conrad Taylor
|
0-0: Fly out, F2 (Popup, 15S, EV 90.6 MPH)
|
Top of the 9th over - 0 runs, 1 hit, 0 errors, 2 left on base; Detroit 0 - Kansas City 6 |
|